 Dungeon Crawl Stone Soup version 0.30.0 (webtiles) character file.

Game seed: 11181937024456811896

32 Cotac the Insei (level 3, -3/27 HPs)
             Began as a Djinni Transmuter on May 17, 2023.
             Was an Initiate of Yredelemnul.
             Slain by a gnoll
             ... wielding a +0 flail
              (13 damage)
             ... on level 5 of the Dungeon.
             The game lasted 00:14:08 (1189 turns).

Cotac the Insei (Djinni Transmuter)                 Turns: 1189, Time: 00:14:14

Health: -3/27      AC:  3    Str: 11    XL:     3   Next: 42%
Gold:   74         EV: 12    Int: 14    God:    Yredelemnul [......] SH:  0 Dex: 13

rFire   + + .        e - +3 dagger (speed)
rCold   x . .        (no shield)
rNeg    . . .        a - +0 robe
rPois   ∞            (no helmet)
rElec   .            (no cloak)
rCorr   .            g - +0 pair of gloves
SInv    .            (boots unavailable)
Will    .....        (no amulet)
Stlth   +            (no ring)
HPRegen 0.24/turn    (no ring)
MPRegen 0.00/turn

%: infuse magic (-4 HP)
@: weak-willed, flying
A: sickness immunity, fire resistance 2, cold vulnerability 1, float, innate
caster, HP casting, extra vitality 1
a: Renounce Religion, Recall Undead Harvest


You were on level 5 of the Dungeon.
You worshipped Yredelemnul.
Yredelemnul was noncommittal.
You visited 2 branches of the dungeon, and saw 6 of its levels.

You collected 74 gold pieces.

Inventory:

Hand Weapons
 c - a +0 dagger
 e - a +3 dagger of speed (weapon)
 l - a +0 falchion
Armour
 a - a +0 robe (worn)
 g - a +0 pair of gloves (worn)
Jewellery
 k - a ring of wizardry
Scrolls
 f - a scroll of magic mapping
Potions
 b - a potion of lignification
 i - a potion of curing {unknown}
 m - a potion of might {unknown}


   Skills:
 + Level 1.1 Fighting
 + Level 2.5 Dodging
 + Level 3.9 Unarmed Combat
 + Level 1.7 Spellcasting


You knew the following spells:

 Your Spells              Type           Power      Damage    Failure   Level
a - Beastly Appendage     Tmut           12%        N/A       12%         1
b - Wereblood             Tmut           6%         N/A       19%         2
c - Spider Form           Tmut/Pois      6%         N/A       34%         3
d - Ice Form              Ice/Tmut       6%         N/A       75%         4
e - Freeze                Ice            24%        1d4       12%         1
Your spell library was empty.

Dungeon Overview and Level Annotations

Branches:
Dungeon (5/15)             Temple (1/1) D:4

Altars:
Ashenzari
Okawaru
Yredelemnul
The Shining One


Innate Abilities, Weirdness & Mutations

You are immune to sickness and miasma.
You are immune to poison.
Your flesh is very heat resistant. (rF++)
You are vulnerable to cold. (rC-)
You float through the air rather than walking.
You learn spells naturally, not from books.
Your magical power is your life essence.
You have superior vitality. (+4 MHP)


Message History

There is a stone staircase leading up here.
As you read the scroll labelled KEDEDW AW DOKK, it crumbles to dust.
The creatures around you are filled with an inner flame!
It was a scroll of immolation.
The gnoll throws a throwing net.
The throwing net hits you.
You become entangled in the net!
You tear a large gash into the net.
You shred the net and break free!
Found 9 stones.
A jackal comes into view.
The hound barely misses you. The hound closely misses you.
As you read the scroll labelled FUPOGY JUGUIN, it crumbles to dust.
You feel aware of your surroundings.
You sensed 4 altars, and 1 shop/portal.
It was a scroll of magic mapping.
The jackal barks!
You hear a shout! x2
A jackal comes into view.
The hound bites you. x2
A gnoll comes into view. It is wielding a +0 club.
As you read the scroll labelled KEKLES RISOR, it crumbles to dust.
The jackal barks!
Magic quickly surges around you.
It was a scroll of vulnerability.
You hear a shout!
The hound closely misses you. The hound bites you. The hound barely misses you.
The hound bites you.
Unknown command.
As you read the scroll labelled KAGUONN LUMUU, it crumbles to dust.
It is a scroll of enchant weapon.
Your +2 dagger of speed glows red for a moment.
The hound barely misses you. The hound bites you.
You hit the hound.
Flame seeps out of the hound.
The hound is lightly wounded.
The hound bites you.
The hound is engulfed in blazing flames.
Flame seeps out of the hound.
The hound bites you but does no damage.
You hit the hound.
Flame seeps out of the hound.
The hound is severely wounded.
The hound is engulfed in blazing flames.
Flame seeps out of the hound.
The hound barely misses you. The hound bites you.
The gnoll hits you with a +0 flail!
You die...
Your body rises from the dead as a mindless zombie.

**,,,***,*,,,,** *,.*
*,,,,,**,,,,,,##* **.##
,,,,,,,*,,,,,*#.* *<..#**
,,,,,,,*,,*****.####....,**
,,,,,,,*,,****,..#......,,*
*,,,,,**,,**,,,#........,**
**,,,***,,,,,,,#........** *****
*,,,,,**#<.....##*
**,,,***,,,,,,*#@h.....#****
*,,,,,**,,,,,*#.gh...#..,,,***
,,,,,,,*,,,,,....h......,,,,,**
,,,,,,,*,,,.......h.....**,,,,*
,,,,,,,*,#....###..g...#***,,,*
*,,,,,**,##..#* *#.<..##,,**,,***
**,,,**,,....****,....#*,,**,,,,,
>*****,,,...,,,,,,....(*++*,,,,,,
,,,,,,,,,,,,,,,,,,,**,,,,,,,,**,,


You could see 2 hounds, 2 gnolls and 2 jackals.

Vanquished Creatures
  An adder (D:3)
  3 ball pythons (D:1)
  2 bats
  2 endoplasms (D:1)
  3 giant cockroaches
  A hobgoblin (D:1)
  2 kobolds
  A quokka (Temple)
  A frilled lizard (D:1)
  4 goblins
  2 rats
22 creatures vanquished.

Notes
Turn   | Place    | Note
-------+----------+-------------------------------------------
     0 | D:1      | Cotac the Djinni Transmuter began the quest for the Orb.
     0 | D:1      | Cotac set off with the following spells memorised: Beastly
                  | Appendage, Wereblood, Spider Form, Ice Form.
     0 | D:1      | Reached XP level 1. HP: 17/17 MP: 0/0
   251 | D:1      | Reached XP level 2. HP: 22/22 MP: 0/0
   752 | D:3      | Reached XP level 3. HP: 26/27 MP: 0/0
   752 | D:3      | Learned a level 1 spell: Freeze
   878 | D:4      | Found a staircase to the Ecumenical Temple.
   887 | Temple   | Entered the Ecumenical Temple
   917 | Temple   | Became a worshipper of Yredelemnul the Dark
  1180 | D:5      | Entered Level 5 of the Dungeon
  1189 | D:5      | Slain by a gnoll

Illustrated notes

Levels and vault maps discovered:
D:1:      dpeg_arrival_three_same_balls, layout_basic,
          amcnicky_mini_corridor_feature
D:2:      layout_basic
D:3:      layout_loops_corners, hellmonk_ecumenical_altar_the_god_not_taken,
          grunt_ministairs_5, uniq_natasha
D:4:      layout_layer_cave, minmay_temple_entry_crystal_x, roderic_lattice_a,
          minmay_fractal_squares_diagonal_5
D:5:      kennysheep_six_static_rooms, layout_cave_pools, kennysheep_mini_moat,
          gammafunk_temple_overflow_forgotten, serial_gnoll_camp,
          gnoll_camp_mini_shop, gnoll_camp_medium_02, gnoll_camp_mini_hut,
          gnoll_camp_medium_01, gnoll_camp_huts_basic, gnoll_camp_mini_loothouse
Temple:   bh_familiar_temple

Action                     || total
---------------------------++-------
  Melee: Unarmed           ||     6
         Dagger            ||    69
         Headbutt          ||     2
         Punch             ||     2
   Cast: Beastly Appendage ||     5
         Wereblood         ||     3
    Use: Scroll            ||     4
 Armour: Robe              ||    18
  Dodge: Dodged            ||    48
